 Dungeon Crawl Stone Soup version 0.31-a0-167-g1c394c0614 (webtiles) character file.

Game seed: 3171978219382299071

225 qw the Chopper (level 6, -1/38 HPs)
             Began as a Gargoyle Fighter on June 14, 2023.
             Slain by a gnoll bouda
             ... wielding a +0 club
              (7 damage)
             ... on level 5 of the Dungeon.
             The game lasted 00:01:31 (3378 turns).

qw the Chopper (Gargoyle Fighter)                   Turns: 3378, Time: 00:01:32

Health: -1/38      AC: 13    Str: 21    XL:     6   Next: 1%
Magic:  6/6        EV:  7    Int:  9    God:
Gold:   222        SH:  4    Dex:  9    Spells: 5/5 levels left

rFire   . . .        Y - +1 war axe
rCold   . . .        c - +0 buckler
rNeg    + . .        e - +0 chain mail
rPois   inf          (no helmet)
rElec   +            (no cloak)
rCorr   .            (no gloves)
SInv    .            (no boots)
Will    .....        (no amulet) Stlth
                     (no ring)
HPRegen 0.26/turn    (no ring)
MPRegen 0.10/turn

%: no passive effects
@: no status effects
A: sickness immunity, AC +4, negative energy resistance 1, electricity
resistance, torment resistance 1, petrification resistance
a: no special abilities


You were on level 5 of the Dungeon.
You visited 2 branches of the dungeon, and saw 6 of its levels.

You collected 222 gold pieces.


Innate Abilities, Weirdness & Mutations

You are immune to sickness and miasma.
Your stone body is resilient. (AC +4)
You are immune to poison.
You resist negative energy. (rN+)
You are resistant to electric shocks. (rElec)
You are resistant to unholy torment.
You are immune to petrification.


   Skills:
 - Level 4.0 Fighting
 + Level 5.1 Axes
 - Level 3.2 Armour
 - Level 3.2 Shields


You had 5 spell levels left.
You didn't know any spells.
Your spell library was empty.

Inventory:

Hand Weapons
 k - a +0 mace
 Y - a +1 war axe (weapon)
Armour
 c - a +0 buckler (worn)
 e - a +0 chain mail (worn)
Scrolls
 j - a scroll of identify
Potions
 a - a potion of haste {unknown}
 b - a potion of mutation {unknown}
 d - a potion of might
 f - 2 potions of resistance
 g - a potion of curing {unknown}
 h - a potion of ambrosia {unknown}
 i - a potion of attraction {unknown}

Dungeon Overview and Level Annotations

Branches:
Dungeon (5/15)             Temple (1/1) D:4

Altars:
Ashenzari
Dithmenos
Elyvilon
Fedhas
Gozag
Hepliaklqana
Makhleb
Ru
Sif Muna
Trog
Uskayaw
Vehumet
Wu Jian
Yredelemnul
Zin
The Shining One

Annotations:
D:3 1 runed translucent door, qw's ghost, weakling GrFi


Message History

The gnoll barely misses you. The gnoll hits you but does no damage.
You hit the gnoll.
The gnoll is heavily wounded.
You barely miss the gnoll. The gnoll hits you but does no damage.
The gnoll barely misses you. The gnoll hits you with a +0 club.
You hit the gnoll.
The gnoll is severely wounded.
You barely miss the gnoll bouda.
The gnoll hits you from afar with a +0 spear.
The gnoll hits you but does no damage. The gnoll hits you with a +0 club.
The gnoll barely misses you.
You barely miss the gnoll.
The gnoll is severely wounded.
You barely miss the gnoll bouda. You block the gnoll bouda's attack.
The gnoll closely misses you. The gnoll hits you with a +0 club.
The gnoll hits you but does no damage.
The gnoll bouda hits you but does no damage.
You block the gnoll's attack.
You barely miss the gnoll.
The gnoll is severely wounded.
You hit the gnoll bouda. The gnoll barely misses you.
The gnoll hits you but does no damage.
The gnoll bouda hits you but does no damage.
The gnoll barely misses you. The gnoll hits you but does no damage.
You hit the gnoll.
The gnoll is almost dead.
You slash the gnoll bouda!
The gnoll hits you from afar with a +0 spear.
The gnoll bouda hits you with a +0 club.
The gnoll barely misses you. The gnoll hits you but does no damage.
You slash the gnoll!
You kill the gnoll!
You hit the gnoll bouda.
The gnoll is no longer moving quickly.
The gnoll hits you from afar with a +0 spear.
The gnoll bouda hits you with a +0 club.
The gnoll barely misses you. x2
The gnoll bouda hits you with a +0 club!
You die...

#<.........#
#..........#
#..........#
#..........#
#..........#
#..........#
#......(...#
######....##
#@...#
.....g)g...#
......g....#
(........###
##########


You could see a gnoll bouda and 2 gnolls.

Vanquished Creatures
  A scorpion (D:4)
  A hound (D:4)
  A gnoll (D:5)
  4 adders
  3 ufetubi
  A worm (D:2)
  3 dart slugs
  7 endoplasms
  2 giant cockroaches (D:1)
  6 goblins
  5 hobgoblins
  9 jackals
  11 kobolds
  2 quokkas
  6 ball pythons
  3 bats
  3 frilled lizards
  5 rats
73 creatures vanquished.

Notes
Turn   | Place    | Note
-------+----------+-------------------------------------------
     0 | D:1      | qw the Gargoyle Fighter began the quest for the Orb.
     0 | D:1      | Reached XP level 1. HP: 14/14 MP: 1/1
     0 | D:1      | 0 ||| qw: Version: 0.2-a-29-g1fa15c8
     0 | D:1      | 0 ||| qw: Game counter: 5050
     0 | D:1      | 0 ||| qw: Always use a shield: true
     0 | D:1      | 0 ||| qw: God list: Okawaru
     0 | D:1      | 0 ||| qw: Allow faded altars: false
     0 | D:1      | 0 ||| qw: Do Orc after D:15 true
     0 | D:1      | 0 ||| qw: Do second Lair branch before Depths: true
     0 | D:1      | 0 ||| qw: Lair rune preference: random
     0 | D:1      | 0 ||| qw: Plans: Normal, Zot:1-4, Slime:5, God:TSO, Crypt,
                  | Tomb, Abyss, Pan, Hells, Win
     0 | D:1      | 0 ||| PLANNING D:1-11
    79 | D:1      | Reached skill level 2 in Axes
    91 | D:1      | 91 ||| Stepping ~*~*~tactically~*~*~ (stealth).
    98 | D:1      | Reached XP level 2. HP: 19/19 MP: 2/2
   126 | D:1      | 126 ||| FLEEEEING.
   127 | D:1      | 127 ||| FLEEEEING.
   128 | D:1      | 128 ||| FLEEEEING.
   129 | D:1      | 129 ||| FLEEEEING.
   130 | D:1      | 130 ||| FLEEEEING.
   429 | D:1      | 429 ||| Stepping ~*~*~tactically~*~*~ (hiding).
   436 | D:1      | Reached skill level 3 in Axes
   444 | D:1      | Reached XP level 3. HP: 23/23 MP: 3/3
   660 | D:1      | 660 ||| READING scroll labelled IXIRHUPPIG.
   661 | D:1      | 661 ||| READING scroll labelled VUPROI WAOSEO.
   662 | D:1      | 662 ||| DRINKING 2 amethyst potions.
   704 | D:2      | 704 ||| Stepping ~*~*~tactically~*~*~ (hiding).
   771 | D:2      | 771 ||| Stepping ~*~*~tactically~*~*~ (stealth).
   788 | D:2      | 788 ||| Stepping ~*~*~tactically~*~*~ (stealth).
   797 | D:2      | 797 ||| Stepping ~*~*~tactically~*~*~ (stealth).
   835 | D:2      | 835 ||| Stepping ~*~*~tactically~*~*~ (hiding).
  1062 | D:2      | 1062 ||| Stepping ~*~*~tactically~*~*~ (stealth).
  1319 | D:2      | Reached XP level 4. HP: 28/28 MP: 4/4
  1535 | D:2      | 1535 ||| READING scroll labelled MEWUQE MOIMAKLIDDI.
  1536 | D:2      | 1536 ||| READING scroll labelled XOAWIDDYTT.
  1577 | D:3      | Reached skill level 4 in Axes
  1626 | D:3      | 1626 ||| DROPPING +0 club.
  1690 | D:3      | Found a shadowy altar of Dithmenos.
  1737 | D:3      | 1737 ||| Stepping ~*~*~tactically~*~*~ (hiding).
  2041 | D:3      | Found a runed translucent door.
  2043 | D:3      | Noticed qw's ghost (weakling GrFi)
  2302 | D:3      | 2302 ||| DROPPING +0 whip.
  2376 | D:3      | 2376 ||| READING scroll labelled ZILUEPITRI.
  2377 | D:3      | 2377 ||| READING 2 scrolls labelled PAULLEINAQ.
  2378 | D:3      | 2378 ||| DROPPING scroll of amnesia.
  2643 | D:4      | Found a staircase to the Ecumenical Temple.
  2644 | D:4      | 2644 ||| PLANNING TEMPLE
  2644 | D:4      | 2644 ||| UPGRADING to +0 chain mail.
  2654 | D:4      | 2654 ||| DROPPING +0 scale mail.
  2655 | D:4      | 2655 ||| READING scroll labelled ITHRUZ SI MUO.
  2663 | Temple   | Entered the Ecumenical Temple
  2776 | Temple   | 2776 ||| PLANNING D:1-11
  2840 | D:4      | Reached XP level 5. HP: 30/32 MP: 5/5
  2955 | D:4      | Noticed a kobold brigand
  3041 | D:4      | Reached skill level 5 in Axes
  3090 | D:4      | Found an ornate altar of the Wu Jian Council.
  3178 | D:4      | Reached XP level 6. HP: 38/38 MP: 6/6
  3237 | D:4      | 3237 ||| READING scroll labelled ALEQYC BARYN.
  3357 | D:5      | Entered Level 5 of the Dungeon
  3368 | D:5      | 3368 ||| Stepping ~*~*~tactically~*~*~ (hiding).
  3378 | D:5      | HP: 7/38 [gnoll/+0 spear[a gnoll bouda] (3)]
  3378 | D:5      | Slain by a gnoll bouda

Levels and vault maps discovered:
D:1:      beargit_arrival_diablo_church, layout_basic
D:2:      layout_basic, grunt_decor_junction, minmay_pentomino_pile
D:3:      layout_loops_ring, grunt_dithmenos_smoke_and_mirrors,
          ebering_ghost_reflecting_pool, dreamdust_wishing_well
D:4:      cheibrodos_thug_alley, layout_loops_ring,
          nicolae_wu_jian_wuxing_cycle, minmay_temple_entry_statues,
          st_stairs_10
D:5:      layout_basic
Temple:   nicolae_temple_two_arcs

Skill      XL: |  1  2  3  4  5 |
---------------+----------------+-----
Axes           | 2 3 4 5 |  5.1
Fighting       | 4 |  4.0
Armour         | |  3.2
Shields        | |  3.2

Action                     |  1- 3 |  4- 6 || total
---------------------------+-------+-------++-------
  Melee: War axe           |    99 |   152 ||   251
  Throw: Boomerang         |    22 |       ||    22
    Use: Scroll            |     2 |     6 ||     8
         Potion            |     1 |       ||     1
 Armour: Scale mail        |    61 |    35 ||    96
         Chain mail        |       |    73 ||    73
  Dodge: Dodged            |    41 |    73 ||   114
  Block: Buckler           |    17 |    30 ||    47

Table legend:
 A = Non-vault XP
 B = Vault XP
 C = Vault XP percentage of total XP
 D = Non-vault monster count
 E = Vault monster count
 F = Vault count percentage of total count
                 A         B        C        D         E       F
            +---------+---------+-------+---------+---------+-------
      Total |     299 |      38 |  11.3 |      55 |      18 |  24.7
            +---------+---------+-------+---------+---------+-------
        D:1 |      36 |       1 |   2.7 |      20 |       1 |   4.8
        D:2 |      47 |      12 |  20.3 |      12 |       6 |  33.3
        D:3 |      44 |       0 |   0.0 |      14 |       0 |   0.0
        D:4 |     157 |      25 |  13.7 |       8 |      11 |  57.9
        D:5 |      15 |       0 |   0.0 |       1 |       0 |   0.0
            +---------+---------+-------+---------+---------+-------
